 Dungeon Crawl Stone Soup version 0.31-a0-925-g0a390f2509 (webtiles) character file.

Game seed: 11202813387300594860

1601662 Hi5aMiFi the Formicid Barricade (level 27, 242/242 HPs)
             Began as a Formicid Fighter on Oct 18, 2023.
             Was the Champion of Ru.
             Escaped with the Orb
             ... and 3 runes on Oct 19, 2023!
             The game lasted 08:58:42 (76881 turns).

Hi5aMiFi the Formicid Barricade (Formicid Fighter) Turns: 76881, Time: 08:58:43

Health: 242/242    AC: 47    Str: 32    XL:     27
Magic:  23/23      EV:  8    Int:  8    God:    Ru [******]
Gold:   757        SH: 34    Dex: 12    Spells: 26/26 levels left

rFire   + + .        V - +11 glaive "Beetle's Funeral" {holy, Str+3}
rCold   + . .        A - +10 tower shield of Ignorance {rN+ Int-4}
rNeg    + . .        F - +11 crystal plate armour of the Devil {rPois}
rPois   +            (helmet unavailable)
rElec   +            t - scarf {rC+ rF+}
rCorr   .            x - +2 pair of gloves {Dex+3}
SInv    +            W - +2 pair of boots
Will    ++++.        g - amulet "Ligear" {Will+ Regen+} Stlth
                     y - +4 ring of slaying
HPRegen 1.40/turn    M - ring of Melee {rElec rF+ Will+ Str-2 Slay+4}
MPRegen 0.18/turn

%: no passive effects
@: mighty, studying Shapeshifting
A: permanent stasis, dig shafts and tunnels, antennae 3, inhibited regeneration,
inability to read after injury 2, no stealth, inability to use devices, no fire
magic, no hexes magic, no translocations magic, four strong arms, no forms,
clumsy 2
0: Orb of Zot
}: 3/15 runes: serpentine, barnacled, slimy
a: Dig, Shaft Self, Renounce Religion, Draw Out Power, Power Leap, Apocalypse


You escaped.
You worshipped Ru.
Ru was exalted by your worship.
You visited 12 branches of the dungeon, and saw 55 of its levels.
You visited 1 bazaar.
You also visited: Trove, Gauntlet and Volcano.

You collected 8173 gold pieces.
You spent 7416 gold pieces at shops.

Inventory:

Hand Weapons
 D - a +9 bardiche of venom
 E - the +5 glaive of Offence {spect, rN+}
   (You acquired it on level 2 of the Dungeon)

   rN+:       It protects you from negative energy.
 V - the +11 glaive "Beetle's Funeral" (weapon) {holy, Str+3}
   (You bought it in a shop on level 2 of the Orcish Mines)

   Str+3:     It affects your strength (+3).
Missiles
 b - 10 curare-tipped darts
 l - 17 javelins (quivered)
 r - 15 silver javelins
 T - 6 throwing nets
 U - 20 boomerangs
 Z - 5 darts of dispersal
Armour
 h - +0 gold dragon scales
 o - the scarf of the Northern Lights {repulsion, rN++ Int+7}
   (You found it in a treasure trove)

   Int+7:     It affects your intelligence (+7).
   rN++:      It greatly protects you from negative energy.
 q - the +1 pair of gloves of the True Pharaoh {rElec}
   (You found it in a treasure trove)

   rElec:     It insulates you from electricity.
 t - a scarf of resistance (worn)
 x - a +2 pair of gloves of dexterity (worn)
 A - the +10 tower shield of Ignorance (worn) {rN+ Int-4}
   (You found it on level 12 of the Dungeon)

   Int-4:     It affects your intelligence (-4).
   rN+:       It protects you from negative energy.
 F - the +11 crystal plate armour of the Devil (worn) {rPois}
   (You found it in a treasure trove)

   rPois:     It protects you from poison
 R - a +2 cloak
 W - a +2 pair of boots (worn)
Jewellery
 f - the ring of the Omega Point {*Corrode rPois rF+++ Will+ Dex-3}
   (You found it in a Gauntlet)

   [ring of willpower]

   Dex-3:     It affects your dexterity (-3).
   rF+++:     It renders you almost immune to fire.
   rPois:     It protects you from poison Will+: It increases your willpower.
   *Corrode:  It may corrode you when you take damage.
 g - the amulet "Ligear" (around neck) {Will+ Regen+}
   (You found it in a Gauntlet)

   [amulet of regeneration]

   Will+:     It increases your willpower.
   Regen+:    It increases your rate of health regeneration.
 j - the ring "Iligah" {rElec rF+ rC+ Will+}
   (You bought it in a shop on level 10 of the Dungeon)

   [ring of protection from fire]

   rF+:       It protects you from fire.
   rC+:       It protects you from cold.
   rElec:     It insulates you from electricity.
   Will+:     It increases your willpower.
 m - the ring "Huypruge" {rC++ AC+4 Stlth+}
   (You acquired it on level 3 of the Vaults)

   [ring of protection]

   AC+4:      It affects your AC (+4).
   rC++:      It greatly protects you from cold.
   Stlth+:    It makes you more stealthy.
 n - a ring of flight
 v - the ring "Tiynuuh" {rCorr EV+5 Str+2}
   (You took it off a deep elf annihilator on level 3 of the Elven Halls)

   [ring of evasion]

   EV+5:      It affects your evasion (+5).
   Str+2:     It affects your strength (+2).
   rCorr:     It protects you from acid and corrosion.
 y - a +4 ring of slaying (left hand)
 H - a ring of protection from fire
 J - the ring "Veiroash" {rPois Will+ Int+6}
   (You took it off a deep elf sorcerer on level 3 of the Elven Halls)

   [ring of poison resistance]

   Int+6:     It affects your intelligence (+6).
   rPois:     It protects you from poison Will+: It increases your willpower.
 M - the ring of Melee (right hand) {rElec rF+ Will+ Str-2 Slay+4}
   (You acquired it on level 1 of the Elven Halls)

   [ring of slaying]

   Str-2:     It affects your strength (-2).
   Slay+4:    It affects your accuracy & damage with ranged weapons and melee
   (+4).
   rF+:       It protects you from fire.
   rElec:     It insulates you from electricity.
   Will+:     It increases your willpower.
 Q - the ring of the Hare {EV+10}
   (You took it off a merfolk impaler on level 4 of the Shoals)

   [ring of evasion]

   EV+10:     It affects your evasion (+10).
 X - a +6 ring of strength
 Y - a ring of positive energy
Scrolls
 a - 2 scrolls of silence
 w - 12 scrolls of immolation
 C - 6 scrolls of fog
 G - 4 scrolls of butterflies
 I - 6 scrolls of poison
 K - a scroll of torment
 L - 6 scrolls of enchant weapon
 O - a scroll of fear
 S - 7 scrolls of vulnerability
Potions
 c - 12 potions of heal wounds
 d - 5 potions of invisibility
 e - 9 potions of mutation
 i - 6 potions of cancellation
 k - 16 potions of curing
 p - 4 potions of magic
 s - 7 potions of enlightenment
 u - 7 potions of resistance
 z - 5 potions of ambrosia
 B - 3 potions of might
 N - 8 potions of attraction


   Skills:
 - Level 25.0 Fighting
 - Level 24.0 Polearms
 + Level 23.6 Throwing
 - Level 22.0 Armour
 O Level 27 Shields


You had 26 spell levels left.
You didn't know any spells.
Your spell library contained the following spells:

 Spells                   Type           Power      Damage    Failure   Level
 Freeze                   Ice            0%         1d3       97%         1
 Kiss of Death            Conj/Necr      0%         2d5       97%         1
 Sandblast                Erth           0%         2d4       97%         1
 Shock                    Conj/Air       0%         1d3       97%         1
 Sting                    Tmut/Pois      0%         1d3       97%         1
 Cigotuvi's Dreadful Rot  Necr/Pois/Air  0%         N/A       99%         2
 Passwall                 Tmut/Erth      0%         N/A       99%         2
 Poisonous Vapours        Pois/Air       0%         N/A       99%         2
 Wereblood                Tmut           0%         N/A       99%         2
 Frozen Ramparts          Ice            0%         1d1       100%        3
 Hailstorm                Conj/Ice       0%         3d3       100%        3
 Ozocubu's Armour         Ice            0%         N/A       100%        3
 Stone Arrow              Conj/Erth      0%         3d7       100%        3
 Vampiric Draining        Necr           0%         2d6       100%        3
 Airstrike                Air            0%         2d(0-16)  100%        4
 Animate Armour           Summ/Erth      0%         N/A       100%        4
 Animate Dead             Necr           0%         N/A       100%        4
 Brom's Barrelling Bould  Conj/Erth      0%         2d3       100%        4
 Olgreb's Toxic Radiance  Pois           0%         N/A       100%        4
 Summon Ice Beast         Ice/Summ       0%         N/A       100%        4
 Summon Lightning Spire   Summ/Air       0%         N/A       100%        4
 Agony                    Necr           0%         N/A       100%        5
 Alistair's Intoxication  Tmut/Pois      0%         N/A       100%        5
 Arcjolt                  Conj/Air       0%         1d10      100%        5
 Borgnjor's Vile Clutch   Necr/Erth      0%         N/A       100%        5
 Freezing Cloud           Conj/Ice/Air   0%         6-21      100%        5
 Irradiate                Conj/Tmut      0%         3d11      100%        5
 Iskenderun's Battlesphe  Conj           0%         2d6       100%        5
 Lee's Rapid Deconstruct  Erth           0%         3d4*      100%        5
 Bombard                  Conj/Erth      0%         9d1       100%        6
 Death Channel            Necr           0%         N/A       100%        6
 Eringya's Noxious Bog    Tmut/Pois      0%         4d6       100%        6
 Simulacrum               Ice/Necr       0%         N/A       100%        6
 Summon Cactus Giant      Summ           0%         N/A       100%        6
 Haunt                    Necr/Summ      0%         N/A       100%        7
 Monstrous Menagerie      Summ           0%         N/A       100%        7
 Ozocubu's Refrigeration  Ice            0%         4d7       100%        7
 Spellforged Servitor     Conj/Summ      0%         N/A       100%        7
 Borgnjor's Revivificati  Necr           0%         N/A       100%        8
 Infestation              Necr           0%         N/A       100%        8
 Lehudib's Crystal Spear  Conj/Erth      0%         10d2      100%        8
 Maxwell's Capacitive Co  Air            0%         ∞         100%        8
 Death's Door             Necr           0%         N/A       100%        9
 Slow                     Hex            Unusable   N/A       N/A         1
 Scorch                   Fire           Unusable   2d5       N/A         2
 Confusing Touch          Hex            Unusable   N/A       N/A         3
 Gell's Gravitas          Tloc           Unusable   N/A       N/A         3
 Ignite Poison            Fire/Tmut/Pois Unusable   N/A       N/A         3
 Sigil of Binding         Hex            Unusable   N/A       N/A         3
 Swiftness                Air            Unusable   N/A       N/A         3
 Teleport Other           Tloc           Unusable   N/A       N/A         3
 Flame Wave               Conj/Fire      Unusable   2d4       N/A         4
 Leda's Liquefaction      Hex/Erth       Unusable   N/A       N/A         4
 Vhi's Electric Charge    Tloc/Air       Unusable   N/A       N/A         4
 Summon Mana Viper        Hex/Summ       Unusable   N/A       N/A         5
 Dispersal                Tloc           Unusable   N/A       N/A         6

Dungeon Overview and Level Annotations

Branches:
Dungeon (15/15)            Temple (1/1) D:7            Lair (5/5) D:9
 Shoals (4/4) Lair:3        Snake (4/4) Lair:2        Slime (5/5) Lair:5
    Orc (2/2) D:12            Elf (3/3) Orc:2        Vaults (4/5) D:14
  Crypt (3/3) Vaults:3       Tomb (0/3) Crypt:3      Depths (4/4) D:15
    Zot (5/5) Depths:4    Volcano (visited)         Gauntlet (visited)

Altars:
Ashenzari
Cheibriados
Dithmenos
Elyvilon
Fedhas
Gozag
Hepliaklqana
Kikubaaqudgha
Makhleb
Nemelex Xobeh
Okawaru
Qazlal
Ru
Sif Muna
Trog
Uskayaw
Vehumet
Wu Jian
Xom
Yredelemnul
Zin
The Shining One
Jiyva
Lugonu

Shops:
D:8 (   D:10 *!(=:   Orc:2 :(*[(   Elf:3 [[?   Shoals:2 *   Shoals:4 *
Snake:1 *[   Vaults:1 *=?   Vaults:2 :   Vaults:3 (   Depths:4 **

Portals:
Hell: Depths:1 Depths:2 Depths:3 Depths:4
Abyss: Depths:3
Pandemonium: Depths:1 Depths:2
Ziggurat: Depths:2


Innate Abilities, Weirdness & Mutations

You cannot be hasted, slowed, berserked, paralysed or teleported.
You can dig through walls and to a lower floor.
You have a pair of large antennae on your head. (SInv)
You do not regenerate when monsters are visible.
You sometimes lose the ability to read scrolls when taking damage.
You cannot be stealthy.
You cannot study or use magical devices.
You cannot study or cast Fire magic.
You cannot study or cast Hexes magic.
You cannot study or cast Translocations magic.
Your four strong arms can wield two-handed weapons with a shield.
You cannot voluntarily change form.
You are very clumsy. (Dex -4)


Message History

Unknown command.
Throw: 14 javelins
Press: ? - help, Q - select action, (/) - cycle Shift-Dir - straight line, f/p - Orhet
Aim: Orhet (seething chaos, heavily wounded, 53% to hit)
You throw a javelin. The javelin closely misses Orhet.
Unknown command.
Throw: 13 javelins
Press: ? - help, Q - select action, (/) - cycle Shift-Dir - straight line, f/p - Orhet
Aim: Orhet (heavily wounded, 53% to hit)
You throw a javelin. The javelin barely misses Orhet.
A green death comes into view.
Unknown command.
Throw: 12 javelins
Press: ? - help, Q - select action, (/) - cycle Shift-Dir - straight line, f/p - Orhet
Aim: Orhet (heavily wounded, 53% to hit)
You throw a javelin.
The javelin pierces through the green death!!!
The green death is almost dead.
The javelin misses Orhet.
Throw: 11 javelins
Press: ? - help, Q - select action, (/) - cycle Shift-Dir - straight line, f/p - Orhet
Aim: Orhet (heavily wounded, 53% to hit)
You throw a javelin.
The javelin barely misses the green death.
The javelin closely misses Orhet.
Throw: 10 javelins
Press: ? - help, Q - select action, (/) - cycle Shift-Dir - straight line, f/p - Orhet
Aim: Orhet (heavily wounded, 53% to hit)
You throw a javelin.
The javelin pierces through the green death!!
You kill the green death!
The javelin pierces through Orhet!!!
Orhet is almost dead.
You reach to attack!
You carve Orhet like a ham!!!
You kill Orhet!
l - 17 javelins (gained 8)
There is a large open door here.
There is a staircase leading out of the dungeon here.
You can't go down here!
You have escaped!

### ##.## #######.#.#####
#......###.)...
#####..######.#####
#...#..#...#.##
##########...#..#...###
#........#.@.'..+...#
#.########...'..#...#### #.#
#...####...#..# #.#
######''######'###.## #.#
#.......##..##......####
#)###.##....................
#....#......##..##...#......
#####.#####'################
#.####...####...#


There were no monsters in sight!

Vanquished Creatures
  the Royal Jelly (Slime:5)
  2 dread liches
  6 orbs of fire
  3 ancient liches
  3 juggernauts (Depths:2)
  A royal mummy (Crypt:3)
  Sojobo (Vaults:2)
  Vashnia (Snake:3)
  6 Killer Klowns
  Saint Roka (Vaults:1)
  3 curse toes
  Nikola (Vaults:2)
  the Enchantress (Depths:4)
  11 golden dragons
  2 bone dragons
  Norris (Depths:1)
  4 electric golems
  22 tentacled monstrosities
  9 liches
  A walking crystal tome (Depths:3)
  Mlioglotl (Shoals:3)
  26 Orb Guardians
  A walking earthen tome (Depths:2)
  2 deep elf master archers (Elf:3)
  4 sphinxes
  A deep elf blademaster (Elf:3)
  3 quicksilver dragons
  Polyphemus (Shoals:3)
  3 ancient champions (Crypt:2)
  A death cob (Zot:2)
  A kraken (Shoals:3)
  2 titans
  4 tengu reavers
  21 acid blobs
  9 shadow dragons
  Aizul (Snake:3)
  4 draconian monks
  The ghost of Getoffmy the Convoker, an adept GrEE of Vehumet (Lair:3)
  14 storm dragons
  3 nagarajas
  A revenant (Crypt:2)
  A rockslime (Slime:5)
  Ilsuiw (Shoals:3)
  9 azure jellies
  A pandemonium lord (D:1)
  6 fire giants
  8 frost giants
  10 vault wardens
  10 deep elf sorcerers (Elf:3)
  4 draconian knights
  A caustic shrike zombie (Crypt:3)
  Louise (Snake:4)
  4 ghost moths
  5 draconian scorchers
  A juggernaut zombie (Crypt:3)
  2 iron dragons (Zot:4)
  A cacodemon (Depths:1)
  A deep elf elementalist (Elf:3)
  3 orc warlords
  2 curse skulls (Crypt:3)
  2 draconian shifters
  14 quicksilver oozes
  4 draconian stormcallers
  6 formless jellyfish
  2 caustic shrike skeletons
  6 reapers (Crypt:3)
  21 very ugly things
  7 spriggan defenders
  The ghost of Miduta the Eclecticist, a journeyman DsNe of Kikubaaqudgha (Snake:1)
  13 ironbound preservers
  19 stone giants
  8 draconian annihilators
  6 ironbound thunderhulks
  9 black draconians
  A lorocyproca (Depths:1)
  A minotaur (Gauntlet)
  4 vampire knights
  A deep elf demonologist (Elf:3)
  14 white draconians
  4 deep elf annihilators
  10 green draconians
  14 red draconians
  6 yellow draconians
  9 spark wasps
  6 dire elephants
  9 eidola
  7 purple draconians
  2 merfolk javelineers
  9 deep elf death magi
  6 ettins
  2 crystal guardians (Vaults:3)
  9 jiangshi
  4 deep elf high priests
  The ghost of Palms the Grappler, a journeyman TrBr of Wu Jian (Lair:1)
  3 entropy weavers
  2 green deaths
  Josephine (D:15)
  3 spriggan zombies (Crypt:3)
  11 yaktaur captains
  3 great orbs of eyes
  12 fire dragons
  3 quicksilver dragon zombies (Crypt:3)
  4 rakshasas
  8 merfolk impalers
  5 hydras
  Fannar (Lair:1)
  10 ice dragons
  7 spriggan air magi
  6 ironbound frosthearts
  Harold (Lair:2)
  3 spriggan skeletons (Crypt:3)
  6 vault guards
  2 merfolk avatars
  4 ogre magi (Orc:2)
  A peacekeeper (Vaults:3)
  7 merfolk aquamancers
  8 centaur warriors
  4 salamander tyrants (Snake:4)
  An alligator snapping turtle (Shoals:4)
  An ice dragon (shapeshifter) (Vaults:4)
  A hell beast (Zot:1)
  3 boulder beetles
  2 catoblepae
  14 anacondas
  2 satyrs
  33 dancing weapons
  9 deep troll shamans
  15 two-headed ogres
  4 vampire magi
  6 tengu warriors
  17 naga warriors
  3 orc high priests (Orc:2)
  8 shock serpents
  7 deep troll earth magi
  17 naga sharpshooters
  A shock serpent (shapeshifter) (Depths:3)
  6 spriggan berserkers (Depths:2)
  27 death yaks
  19 deep elf knights
  37 hell knights
  A sun demon (Volcano)
  Sonja (Lair:5)
  A titan zombie (Crypt:3)
  Amaemon (Lair:1)
  5 soul eaters
  2 salamander mystics
  5 skysharks
  A spectral death yak (Lair:3)
  6 iron trolls
  3 arcanists
  4 sixfirhies
  5 flayed ghosts
  A fire crab (Gauntlet)
  12 skeletal warriors
  46 deep trolls
  13 deep elf archers
  A glowing orange brain (Vaults:1)
  7 naga ritualists
  6 orange crystal statues
  An orb spider (shapeshifter) (Depths:3)
  9 sea snakes
  An anaconda zombie (Crypt:1)
  11 orc knights
  3 obsidian statues
  29 harpies
  19 ironbound convokers
  7 lindwurms
  28 necromancers
  4 occultists (Depths:1)
  A harpy (shapeshifter) (Elf:3)
  18 phantasmal warriors
  37 deep elf zephyrmancers
  3 wolf spiders (Crypt:3)
  A fire giant zombie (Crypt:1)
  26 ugly things
  33 deep elf pyromancers
  18 manticores
  2 orc sorcerers
  5 cyclopes
  8 mana vipers
  21 salamanders
  3 oklob plants (Lair:5)
  A shining eye (Slime:2)
  23 moths of wrath
  The ghost of Ekaitz the Digger, a novice OpEE of Vehumet (D:6)
  2 elephants (shapeshifter)
  19 fauns
  A human skeleton (Vaults:3)
  11 vault sentinels
  15 elephants
  A dire elephant zombie (Crypt:3)
  6 water nymphs
  2 toenail golems
  15 merfolk sirens
  A molten gargoyle (Volcano)
  42 black mambas
  9 guardian serpents
  19 naga magi
  An orange demon (Lair:1)
  A torpor snail (Lair:1)
  A naga zombie (Crypt:3)
  Joseph (Lair:1)
  17 cane toads
  A smoke demon (Depths:1)
  A centaur skeleton (Crypt:3)
  Jeremiah (D:7)
  An eye of devastation (Slime:4)
  2 gargoyles
  2 rime drakes
  A minotaur zombie (Gauntlet)
  A yaktaur zombie (Vaults:3)
  A naga skeleton (Crypt:3)
  A tormentor (Depths:3)
  7 freezing wraiths
  26 yaktaurs
  10 komodo dragons
  A green draconian skeleton (Crypt:1)
  4 tengu conjurers
  7 trolls
  13 hellwings (Crypt:3)
  A white draconian skeleton (Crypt:2)
  3 meliai (D:15)
  25 merfolk
  3 red devils (Volcano)
  3 harpy zombies (Crypt:3)
  2 hydra skeletons (Crypt:2)
  10 hornets
  3 polar bears (Lair:5)
  4 wind drakes
  8 blink frogs
  Prince Ribbit (D:5)
  A harpy skeleton (Crypt:3)
  7 dream sheep
  A frost giant simulacrum (Vaults:3)
  8 snapping turtles
  5 jumping spiders
  A spectral black mamba (Lair:3)
  88 slime creatures
  14 spriggans
  Sigmund (D:2)
  6 air elementals
  A shadow (D:12)
  14 water elementals
  An ettin skeleton (Crypt:3)
  An ushabti (Crypt:3)
  13 wraiths
  A spriggan (shapeshifter) (Elf:1)
  6 wyverns
  10 fire bats
  13 golden eyes
  4 basilisks
  45 yaks
  A steam dragon (D:7)
  2 black mamba skeletons (Crypt:3)
  4 fire elementals (Depths:4)
  A chaos spawn (D:1)
  15 vampire mosquitoes
  9 wargs
  7 redbacks
  2 glowing shapeshifter zombies
  43 nagas
  2 acid dragons
  3 floating eyes
  5 hell hounds
  16 water moccasins
  A two-headed ogre skeleton (Crypt:2)
  21 orc warriors
  2 sky beasts
  An ettin simulacrum (Vaults:3)
  5 black bears
  4 ice beasts
  A hog zombie (Crypt:1)
  30 ogres
  21 centaurs
  23 wolves
  A snapping turtle skeleton (Crypt:2)
  2 phantoms
  Blork the orc (D:5)
  A salamander zombie (Crypt:1)
  5 kobold brigands
  7 bullfrogs
  A cyclops zombie (Crypt:1)
  3 earth elementals
  2 scorpions (D:9)
  7 wyvern skeletons (Crypt:3)
  A water moccasin skeleton (Crypt:2)
  9 killer bees
  A dream sheep simulacrum (Lair:3)
  A yak zombie (Crypt:2)
  8 electric eels
  4 howler monkeys
  8 lava snakes (Volcano)
  A bullfrog zombie (D:6)
  A komodo dragon simulacrum (Lair:3)
  2 hounds
  7 orc priests
  5 jellies
  2 gnoll boudas
  3 sleepcaps
  Ijyb (D:5)
  8 iguanas
  18 orc wizards
  2 killer bee zombies
  An ice beast zombie (Crypt:2)
  2 mummies (Crypt:3)
  6 gnolls
  12 adders
  A shadow imp (D:8)
  4 white imps
  5 ufetubi
  A worm (D:4)
  A lava snake skeleton (Crypt:1)
  3 dart slugs
  66 orcs
  5 ball pythons
  4 bats
  5 endoplasms
  2 giant cockroaches
  8 goblins
  10 hobgoblins
  5 quokkas
  7 frilled lizards
  A gnoll skeleton (Crypt:1)
  21 kobolds
  3 rats (D:5)
  2 butterflies (Lair:3)
  13 fire vortices (Depths:4)
  2 tentacles (Shoals:3)
2343 creatures vanquished.

Vanquished Creatures (others)
  A golden dragon (Zot:4)
  An Orb Guardian (Zot:5)
  Donald (Snake:1)
  A vault warden (Vaults:3)
  A draconian annihilator (Zot:4)
  A war gargoyle (D:14)
  A very ugly thing (Depths:4)
  2 quicksilver oozes (Slime:5)
  An ironbound thunderhulk (Vaults:3)
  A deep elf annihilator (Elf:3)
  A green draconian (Zot:2)
  A dire elephant (Vaults:3)
  A yellow draconian (Zot:1)
  A purple draconian (Zot:5)
  An anaconda (Snake:1)
  A dancing weapon (Elf:1)
  A tengu warrior (Depths:2)
  A shock serpent (Snake:4)
  A deep troll (Vaults:1)
  A spectral hydra (Lair:3)
  2 lindwurms
  A harpy (Shoals:4)
  A cyclops (D:15)
  A manticore (Shoals:1)
  An ugly thing (Depths:2)
  A black mamba (Snake:1)
  2 slime creatures
  A cane toad (Lair:4)
  A rime drake (Lair:5)
  2 yaktaurs
  An orc warrior (Orc:2)
  8 spectral weapons
  3 tentacles (Shoals:3)
46 creatures vanquished.

Grand Total: 2389 creatures vanquished

Notes
Turn   | Place    | Note
-------+----------+-------------------------------------------
     0 | D:1      | Hi5aMiFi the Formicid Fighter began the quest for the Orb.
     0 | D:1      | Reached XP level 1. HP: 18/18 MP: 1/1
   197 | D:1      | Reached XP level 2. HP: 24/24 MP: 2/2
   408 | D:1      | Reached XP level 3. HP: 29/30 MP: 3/3
  1402 | D:2      | Noticed Sigmund
  1835 | D:3      | Reached XP level 4. HP: 38/38 MP: 4/4
  2162 | D:4      | Found a broken altar of Ashenzari.
  2329 | D:4      | Noticed an ogre
  2360 | D:5      | Entered Level 5 of the Dungeon
  2453 | D:5      | Noticed a water moccasin
  2456 | D:5      | You fall into a shaft and drop 3 floors!
  2647 | D:8      | Noticed a vampire mosquito
  2648 | D:8      | Noticed a vampire mosquito
  2650 | D:8      | You fall into a shaft and drop 2 floors!
  2650 | D:10     | Entered Level 10 of the Dungeon
  2704 | D:10     | Noticed a troll
  2721 | D:9      | Noticed a kobold brigand
  2727 | D:9      | Killed a kobold brigand
  2728 | D:9      | Reached skill level 5 in Fighting
  2728 | D:9      | Reached skill level 1 in Throwing
  2728 | D:9      | Reached XP level 5. HP: 35/44 MP: 5/5
  2770 | D:9      | Noticed a centaur
  2775 | D:9      | Noticed a kobold brigand
  2777 | D:9      | Killed a centaur
  2778 | D:9      | Reached XP level 6. HP: 44/52 MP: 6/6
  3018 | D:10     | Found Uraust's Book Shoppe.
  3060 | D:10     | Found Eladd's Distillery.
  3068 | D:10     | Bought a potion of might for 56 gold pieces
  3068 | D:10     | Bought a potion of curing for 42 gold pieces
  3068 | D:10     | Bought a potion of invisibility for 112 gold pieces
  3142 | D:10     | Noticed a vampire mosquito
  3222 | D:9      | Reached skill level 1 in Shapeshifting
  3372 | D:8      | Noticed an orc warrior
  3419 | D:8      | Noticed a yak
  3419 | D:8      | Noticed a yak
  3474 | D:7      | Noticed Jeremiah
  3545 | D:7      | Found a staircase to the Ecumenical Temple.
  3551 | Temple   | Found a transporter.
  3551 | Temple   | Found a transporter.
  3551 | Temple   | Found a transporter.
  3551 | Temple   | Found a transporter.
  3551 | Temple   | Entered the Ecumenical Temple
  3563 | Temple   | Became a worshipper of Ru the Awakened
  3588 | D:7      | Found a burning altar of Makhleb.
  3634 | D:7      | Noticed an ogre
  3639 | D:7      | Noticed a steam dragon
  3642 | D:7      | Killed an ogre
  3643 | D:7      | Reached XP level 7. HP: 30/59 MP: 7/7
  3646 | D:7      | Killed a steam dragon
  4074 | D:5      | Noticed a water moccasin
  4080 | D:5      | Killed a water moccasin
  4081 | D:5      | Reached XP level 8. HP: 62/65 MP: 8/8
  4085 | D:5      | Reached skill level 5 in Polearms
  4085 | D:5      | Reached skill level 5 in Armour
  4339 | D:5      | Noticed Ijyb
  4345 | D:5      | You fall into a shaft and drop 1 floor!
  4345 | D:6      | Found an opulent altar of Gozag.
  5333 | D:5      | Noticed Blork the orc
  5346 | D:5      | Killed Blork the orc
  5402 | D:5      | Gained mutation: You occasionally lose the ability to read
                  | scrolls when taking damage. [Ru sacrifice]
  5402 | D:5      | Gained mutation: You sometimes lose the ability to read
                  | scrolls when taking damage. [Ru sacrifice]
  5402 | D:5      | Reached * piety under Ru
  5676 | D:5      | Noticed a yak
  5753 | D:5      | Reached XP level 9. HP: 63/71 MP: 9/9
  6077 | D:5      | Killed Ijyb
  6140 | D:5      | Reached skill level 1 in Evocations
  6379 | D:6      | Found a glowing silver altar of Zin.
  6456 | D:6      | Found a radiant altar of Vehumet.
  6505 | D:6      | Found a runed translucent gate.
  6505 | D:6      | Found a runed translucent gate.
  6505 | D:6      | Noticed Ekaitz's ghost (novice OpEE)
  6506 | D:6      | Found a runed translucent gate.
  6513 | D:6      | Found a basalt altar of Yredelemnul.
  6695 | D:7      | Noticed a troll
  7355 | D:5      | Noticed Prince Ribbit
  7362 | D:5      | Killed Prince Ribbit
  8001 | D:4      | Reached XP level 10. HP: 65/77 MP: 10/10
  8336 | D:7      | You fall into a shaft and drop 3 floors!
  8394 | D:8      | Reached skill level 5 in Evocations
  8423 | D:8      | Reached skill level 10 in Polearms
  8576 | D:7      | Killed Jeremiah
  9125 | D:2      | Killed Sigmund
  9176 | D:2      | Identified 2 scrolls of acquirement
  9177 | D:2      | Acquired the +5 glaive of Offence {spect, rN+}
  9179 | D:2      | Acquired a manual of Shapeshifting
  9523 | D:8      | Gained mutation: You cannot study or cast Fire magic. [Ru
                  | sacrifice]
  9523 | D:8      | Gained mutation: You cannot study or cast Hexes magic. [Ru
                  | sacrifice]
  9523 | D:8      | Gained mutation: You cannot study or cast Translocations
                  | magic. [Ru sacrifice]
  9523 | D:8      | Reached ** piety under Ru
  9848 | D:8      | Found Emogreurph's Weapon Emporium.
 10183 | D:8      | Reached XP level 11. HP: 78/83 MP: 11/11
 10228 | D:9      | Noticed a two-headed ogre
 10238 | D:9      | Killed a two-headed ogre
 10390 | D:9      | Found a glowing golden altar of the Shining One.
 10460 | D:9      | Reached skill level 10 in Armour
 10674 | D:9      | Noticed an elephant
 10688 | D:9      | Killed an elephant
 10747 | D:9      | Found a staircase to the Lair.
 10747 | D:9      | Noticed an elephant
 10757 | D:9      | Killed an elephant
 11096 | D:10     | Found Wakludack's Weapon Emporium.
 11178 | D:10     | Found Goqom's General Store.
 11186 | D:10     | Bought a potion of invisibility for 112 gold pieces
 11186 | D:10     | Bought a scroll of enchant armour for 105 gold pieces
 11186 | D:10     | Bought a scroll of revelation for 105 gold pieces
 11186 | D:10     | Bought a scroll of identify for 28 gold pieces
 11518 | D:10     | Found Gaymieh's Jewellery Emporium.
 11628 | D:14     | Identified the "Digevula"
 11628 | D:14     | Identified the of Orom
 11628 | Lair:1   | Entered Level 1 of the Lair of Beasts
 11717 | Lair:1   | Reached XP level 12. HP: 91/92 MP: 12/12
 11768 | Lair:1   | Reached skill level 5 in Shields
 11970 | Lair:1   | Reached skill level 6 in Shields
 11977 | Lair:1   | Found a runed translucent gate.
 11977 | Lair:1   | Found a runed translucent gate.
 11977 | Lair:1   | Found a runed translucent gate.
 11977 | Lair:1   | Noticed a nine-headed hydra
 11977 | Lair:1   | Noticed Palms's ghost (journeyman TrBr)
 11977 | Lair:1   | Noticed a 12-headed hydra
 12012 | Lair:1   | Noticed Amaemon
 12026 | Lair:1   | Killed Amaemon
 12045 | Lair:1   | Gained mutation: You cannot be stealthy. [Ru sacrifice]
 12045 | Lair:1   | Reached *** piety under Ru
 12222 | Lair:1   | Reached skill level 7 in Shields
 12223 | Lair:1   | Noticed Fannar
 12228 | Lair:1   | You fall into a shaft and drop 1 floor!
 12591 | Lair:3   | Reached skill level 8 in Shields
 12835 | Lair:3   | Noticed a five-headed hydra
 12915 | Lair:4   | Reached skill level 9 in Shields
 12994 | Lair:4   | Noticed a four-headed hydra
 13006 | Lair:4   | Killed a six-headed hydra
 13143 | Lair:4   | Reached skill level 10 in Shields
 13144 | Lair:4   | Reached XP level 13. HP: 98/98 MP: 13/13
 13701 | Lair:4   | Gained mutation: You cannot study or use magical devices.
                  | [Ru sacrifice]
 13701 | Lair:4   | Reached **** piety under Ru
 13701 | Lair:4   | Reached ***** piety under Ru
 13756 | Lair:4   | Reached skill level 11 in Shields
 13857 | Lair:4   | Reached skill level 15 in Polearms
 14133 | D:10     | Bought a +0 kite shield for 63 gold pieces
 14236 | Lair:1   | Killed Fannar
 14499 | Lair:3   | Found a staircase to the Shoals.
 14563 | Lair:3   | Found a runed translucent gate.
 14564 | Lair:3   | Found a runed translucent gate.
 14565 | Lair:3   | Found a runed translucent gate.
 14584 | Lair:3   | Killed a 15-headed hydra
 14598 | Lair:3   | Noticed Getoffmy's ghost (adept GrEE)
 15170 | Lair:2   | Reached skill level 12 in Shields
 15364 | Lair:2   | Reached XP level 14. HP: 101/106 MP: 14/14
 15469 | Lair:2   | Found a staircase to the Snake Pit.
 15543 | Lair:1   | Noticed Joseph
 15578 | Lair:2   | Noticed Harold
 15598 | Lair:2   | Killed Harold
 15962 | Lair:1   | Killed Joseph
 16356 | Lair:5   | Entered Level 5 of the Lair of Beasts
 16372 | Lair:5   | Noticed Sonja
 16598 | Lair:5   | Reached skill level 13 in Shields
 16788 | Lair:5   | Gained mutation: You do not regenerate when monsters are
                  | visible. [Ru sacrifice]
 17143 | Lair:4   | Reached skill level 10 in Fighting
 17279 | Lair:5   | Identified the +9 war axe of Prudence {venom, Int+3 Dex+3}
 17457 | Lair:5   | Killed Sonja
 17458 | Lair:5   | Reached skill level 14 in Shields
 17806 | Lair:5   | Reached XP level 15. HP: 104/112 MP: 15/15
 17862 | Lair:5   | Found a viscous altar of Jiyva.
 17992 | Lair:5   | Found a staircase to the Slime Pits.
 18656 | Lair:5   | Reached skill level 15 in Shields
 18993 | D:6      | Killed Ekaitz's ghost
 19434 | D:11     | Found a portal to a secret trove of treasure.
 19797 | D:11     | Gained mutation: You cannot voluntarily change form. [Ru
                  | sacrifice]
 19797 | D:11     | Reached ****** piety under Ru
 19983 | D:12     | Found a runed translucent door.
 19988 | D:12     | Found the +10 tower shield of Ignorance {rN+ Int-4}
 19991 | D:12     | Found a staircase to the Orcish Mines.
 20027 | D:12     | Found a runed translucent door.
 21260 | D:13     | Found a gate leading to a gauntlet.
 21276 | Gauntlet | Entered a Gauntlet
 21276 | Gauntlet | Found a transporter.
 21276 | Gauntlet | Found a runed translucent gate.
 21276 | Gauntlet | Found a transporter.
 21276 | Gauntlet | Found a runed translucent gate.
 21277 | Gauntlet | Found a runed translucent gate.
 21278 | Gauntlet | Found a transporter.
 21278 | Gauntlet | Found a transporter.
 21282 | Gauntlet | Found a transporter.
 21323 | Gauntlet | Found a transporter.
 21324 | Gauntlet | Found a transporter.
 21324 | Gauntlet | Found a transporter.
 21335 | Gauntlet | Found a transporter.
 21350 | Gauntlet | Found a transporter.
 21354 | Gauntlet | Found a runed translucent door.
 21359 | Gauntlet | Found the +5 Storm Queen's Shield {shock, Fly rElec}
 21361 | Gauntlet | Found a transporter.
 21365 | Gauntlet | Found a transporter.
 21408 | Gauntlet | Found a transporter.
 21420 | Gauntlet | Found a transporter.
 21461 | Gauntlet | Identified the ring of the Omega Point {*Corrode rPois
                  | rF+++ Will+ Dex-3}
 21507 | Gauntlet | Identified the amulet "Ligear" {Will+ Regen+}
 21519 | Gauntlet | Identified the +0 hat of Makhleb's Envy {Stlth+}
 21556 | Gauntlet | Identified the amulet "Igelague" {Spirit *Corrode *Slow
                  | +Inv Fly}
 21619 | Gauntlet | Identified the +3 falchion "Raisin" {spect, rC+}
 21694 | D:13     | Reached XP level 16. HP: 121/123 MP: 16/16
 21793 | D:10     | Bought the ring "Iligah" {rElec rF+ rC+ Will+} for 877 gold
                  | pieces
 22574 | D:14     | Found a gate to the Vaults.
 23315 | D:14     | Found a runed translucent door.
 23315 | D:14     | Noticed a storm dragon
 23317 | D:14     | Noticed a storm dragon
 23317 | D:14     | Noticed a fire giant
 23317 | D:14     | Noticed a sphinx
 23714 | Lair:1   | Killed Palms's ghost
 23901 | Orc:1    | Entered Level 1 of the Orcish Mines
 23998 | Orc:1    | Found a dark tunnel.
 24012 | Volcano  | Entered a volcano
 24275 | Volcano  | Found a radiant altar of Vehumet.
 24512 | Orc:1    | Found a burning altar of Makhleb.
 24677 | Orc:2    | Entered Level 2 of the Orcish Mines
 24961 | Orc:2    | Found Haippyeh's Book Emporium.
 25120 | Orc:2    | Reached skill level 16 in Shields
 25250 | Orc:2    | Found a staircase to the Elven Halls.
 25650 | Orc:2    | Found Soteos's General Store.
 25650 | Orc:2    | Found Pofel's Weapon Shoppe.
 25650 | Orc:2    | Found Naplue's Antique Weapon Emporium.
 25650 | Orc:2    | Found Hithroa's Armour Shop.
 26138 | Snake:1  | Entered Level 1 of the Snake Pit
 26198 | Snake:1  | Reached XP level 17. HP: 131/131 MP: 17/17
 26363 | Snake:1  | Found Ulugh's Armour Emporium.
 26437 | Snake:1  | Noticed Donald
 26445 | Snake:1  | Killed Donald
 26638 | Snake:1  | Found a runed translucent gate.
 26638 | Snake:1  | Found a runed translucent gate.
 26638 | Snake:1  | Found a runed translucent gate.
 26640 | Snake:1  | Found an opulent altar of Gozag.
 26641 | Snake:1  | Noticed Miduta's ghost (journeyman DsNe)
 26643 | Snake:1  | Found Razac's Assorted Antiques.
 26721 | Snake:2  | Reached skill level 15 in Armour
 26870 | Snake:2  | Reached skill level 17 in Shields
 27513 | Orc:2    | Bought the +11 glaive "Beetle's Funeral" {holy, Str+3} for
                  | 960 gold pieces
 28182 | Snake:3  | Reached skill level 18 in Shields
 28184 | Snake:3  | Noticed Aizul
 28194 | Snake:3  | Killed Aizul
 28666 | Snake:4  | Entered Level 4 of the Snake Pit
 28666 | Snake:4  | Noticed Vashnia
 28728 | Snake:3  | Killed Vashnia
 28861 | Snake:4  | Reached XP level 18. HP: 146/146 MP: 18/18
 29058 | Snake:4  | Reached skill level 19 in Shields
 29900 | Snake:4  | Reached skill level 15 in Fighting
 30250 | Snake:4  | Noticed Louise
 30260 | Snake:4  | Killed Louise
 30261 | Snake:4  | Reached skill level 20 in Shields
 30772 | Snake:4  | Reached skill level 21 in Shields
 30876 | Snake:4  | Got a serpentine rune of Zot
 31460 | Snake:1  | Identified the +1 robe of Disappointment {-Tele rElec rPois
                  | MP-9}
 31492 | Snake:1  | Reached skill level 5 in Throwing
 31504 | Snake:1  | Reached XP level 19. HP: 78/139 MP: 10/19
 32349 | Shoals:1 | Entered Level 1 of the Shoals
 32447 | Shoals:2 | Reached skill level 22 in Shields
 32981 | Snake:1  | Killed Miduta's ghost
 33256 | Shoals:3 | Noticed Mlioglotl
 33273 | Shoals:3 | Killed Mlioglotl
 33281 | Shoals:2 | Found a transporter.
 33281 | Shoals:2 | Found a transporter.
 33576 | Shoals:3 | Noticed Ilsuiw
 33602 | Shoals:3 | Killed Ilsuiw
 33721 | Shoals:3 | Noticed Polyphemus
 33746 | Shoals:3 | Killed Polyphemus
 34495 | Shoals:2 | Found a transporter.
 34495 | Shoals:2 | Found a transporter.
 34549 | Shoals:2 | Found a transporter.
 34554 | Shoals:2 | Found a transporter.
 34931 | Shoals:2 | Found Dade's Mayhem Merchandise.
 36429 | Shoals:4 | Identified the "Wajiseigg"
 36429 | Shoals:4 | Entered Level 4 of the Shoals
 36440 | Shoals:4 | Reached XP level 20. HP: 166/166 MP: 20/20
 37527 | Shoals:4 | Got a barnacled rune of Zot
 37657 | Shoals:4 | Identified the +7 long sword of Xesaty {flame, rElec rF+
                  | rC+}
 37745 | Shoals:4 | Found Kuzoschorr's CLEARANCE SALE!.
 37749 | Shoals:4 | Bought a potion of heal wounds for 25 gold pieces
 37749 | Shoals:4 | Bought a +0 pair of gloves of dexterity for 57 gold pieces
 38275 | Vaults:1 | Entered Level 1 of the Vaults
 38601 | Vaults:2 | Noticed Nikola
 38614 | Vaults:2 | Killed Nikola
 39690 | Vaults:4 | Reached XP level 21. HP: 163/176 MP: 21/21
 40613 | Vaults:3 | Found a staircase to the Crypt.
 41281 | Vaults:3 | Found Jeocum's Antique Weapon Shop.
 41773 | Vaults:3 | Acquired the ring "Huypruge" {rC++ AC+4 Stlth+}
 42459 | Vaults:2 | Identified the +2 robe of the Game Afoot {Rampage}
 42472 | Vaults:2 | Noticed Sojobo
 42478 | Vaults:2 | Killed Sojobo
 42521 | Vaults:2 | Found a radiant altar of Vehumet.
 42555 | Vaults:2 | Identified the +3 hat of Abstinence {rPois Regen+ Int-3}
 42573 | Vaults:2 | Identified the +0 hat of Defiance {rN+ Will- Stlth+}
 42948 | Vaults:2 | Found Gicose's Book Emporium.
 43467 | Vaults:1 | Reached XP level 22. HP: 150/192 MP: 22/22
 43638 | Vaults:1 | Noticed Saint Roka
 43649 | Vaults:1 | Killed Saint Roka
 44000 | Vaults:1 | Found Cuaphese's General Store.
 44063 | Vaults:1 | Found Qecilynups's Jewellery Boutique.
 44064 | Vaults:1 | Found Errogur's Magic Scroll Emporium.
 44105 | Vaults:1 | Bought a scroll of enchant armour for 105 gold pieces
 45225 | Snake:1  | Bought a glowing plate armour for 1014 gold pieces
 45681 | Lair:3   | Killed Getoffmy's ghost
 45933 | Vaults:5 | Identified the of Gosmom
 45933 | Crypt:3  | Identified the "Mooxuvof"
 45933 | Depths:2 | Identified the "Suorerum"
 45933 | Elf:1    | Entered Level 1 of the Elven Halls
 46138 | Elf:1    | Acquired the ring of Melee {rElec rF+ Will+ Str-2 Slay+4}
 46326 | Elf:3    | Entered Level 3 of the Elven Halls
 46450 | Elf:1    | Found a gateway to a bazaar.
 46462 | Bazaar   | Entered a bazaar
 46462 | Bazaar   | Found Siseol's Distillery.
 46491 | Bazaar   | Found Qucvirr's Jewellery Shoppe.
 46494 | Bazaar   | Found Rabiru's Magic Scroll Emporium.
 46503 | Bazaar   | Found Lifycumm's Weapon Shop.
 46520 | Bazaar   | Bought a scroll of silence for 104 gold pieces
 46542 | Bazaar   | Bought a potion of heal wounds for 65 gold pieces
 46542 | Bazaar   | Bought a potion of heal wounds for 65 gold pieces
 46542 | Bazaar   | Bought a potion of heal wounds for 65 gold pieces
 46663 | Elf:1    | Reached skill level 10 in Throwing
 46846 | Elf:1    | Found a shimmering blue altar of Sif Muna.
 46846 | Elf:1    | Found an ancient bone altar of Kikubaaqudgha.
 46934 | Elf:1    | Found a radiant altar of Vehumet.
 46934 | Elf:1    | Found an ancient bone altar of Kikubaaqudgha.
 47002 | Elf:1    | Reached XP level 23. HP: 203/203 MP: 23/23
 47168 | Elf:2    | Found a huge runed translucent gate.
 47168 | Elf:2    | Found a huge runed translucent gate.
 47168 | Elf:2    | Found a huge runed translucent gate.
 47169 | Elf:2    | Found a huge runed translucent gate.
 47171 | Elf:2    | Found a huge runed translucent gate.
 48514 | Elf:3    | Found Palun's Armour Shoppe.
 48520 | Elf:3    | Found Kauwach's Magic Scroll Emporium.
 48793 | Elf:3    | Found Lisaphust's Antique Armour Boutique.
 49092 | Elf:3    | Identified the +6 great sword of Ylap Kea {drain, rC+
                  | Str+3}
 49092 | Elf:3    | Identified the ring "Veiroash" {rPois Will+ Int+6}
 49430 | Elf:3    | Identified the ring of the Imp {rC+ Dex+3}
 49518 | Elf:3    | Identified the ring "Tiynuuh" {rCorr EV+5 Str+2}
 49598 | Elf:3    | Identified the ring "Jaiqum" {Drain rN+ Int+3 Dex+2}
 49619 | Elf:3    | Identified the staff "Tahenk" {rN+ Str+3 Necro}
 49658 | Elf:3    | Identified the +2 flail of Yredelemnul's Favour {freeze,
                  | Int+2}
 50303 | Crypt:1  | Entered Level 1 of the Crypt
 50840 | Elf:3    | Bought a heavily runed plate armour for 756 gold pieces
 50840 | Elf:3    | Identified the +5 plate armour of Kotzy {rC+ Will- Str+3}
                  | (You bought it in a shop on level 3 of the Elven Halls)
 51501 | Crypt:3  | Entered Level 3 of the Crypt
 51677 | Crypt:3  | Reached XP level 24. HP: 201/208 MP: 23/23
 52517 | Crypt:3  | Found a staircase to the Tomb.
 52518 | Crypt:3  | Noticed a royal mummy
 52537 | Crypt:3  | Killed a royal mummy
 52623 | Crypt:3  | Identified the ring "Miesh" {*Slow rC+ rCorr SInv}
 52796 | Crypt:3  | Identified the ring of the City {Wiz Dex+5}
 52831 | Crypt:3  | Reached skill level 15 in Throwing
 53127 | Crypt:3  | Found an ancient bone altar of Kikubaaqudgha.
 53694 | Crypt:3  | Noticed an ancient lich
 53705 | Crypt:3  | Killed an ancient lich
 55141 | D:15     | Entered Level 15 of the Dungeon
 55333 | D:15     | Noticed Josephine
 55352 | D:15     | Killed Josephine
 55388 | D:15     | Reached skill level 23 in Shields
 55528 | D:15     | Found a staircase to the Depths.
 56298 | Slime:1  | Entered Level 1 of the Pits of Slime
 56511 | Slime:1  | Reached XP level 25. HP: 195/196 MP: 23/23
 56891 | Slime:5  | Identified the of Pympam
 56891 | Slime:5  | Identified the of Fialuses
 56891 | Slime:5  | Entered Level 5 of the Pits of Slime
 57214 | Slime:5  | Reached skill level 24 in Shields
 57494 | Slime:5  | Noticed the Royal Jelly
 57503 | Slime:5  | Killed the Royal Jelly
 57729 | Slime:5  | Identified the +0 scale mail of Arcadian Freedom {Int+4}
 57731 | Slime:5  | Identified the +7 short sword "Cuesabro" {speed, +Blink
                  | Int+4 Stlth+}
 57880 | Slime:5  | Identified the +11 long sword of Darkness {flame, rElec
                  | Will+ Stlth+}
 57881 | Slime:5  | Identified the +3 dire flail of the Desert {drain, rElec
                  | rF++ Int-3 Dex+4}
 57894 | Slime:5  | Identified the +8 rapier of Niorhakh {holy, Int+3}
 58331 | Slime:5  | Got a slimy rune of Zot
 58333 | Slime:5  | Identified the +3 sling "Biraykal" {flame, *Corrode rF+
                  | Stlth+}
 58918 | Elf:3    | Bought 2 scrolls of revelation for 165 gold pieces
 58977 | Elf:3    | Bought a pair of glowing gloves for 202 gold pieces
 59233 | D:8      | Bought a +4 bardiche of freezing for 611 gold pieces
 60344 | Depths:1 | Entered Level 1 of the Depths
 60523 | Depths:1 | Found a one-way gate leading to the halls of Pandemonium.
 60622 | Depths:1 | Noticed Norris
 60644 | Depths:1 | Killed Norris
 60706 | Depths:1 | Reached skill level 25 in Shields
 60774 | Depths:1 | Found a runed translucent door.
 60980 | Depths:2 | Noticed a juggernaut
 60980 | Depths:2 | Noticed a juggernaut
 61322 | Depths:3 | Found a corrupted altar of Lugonu.
 61322 | Depths:3 | Found a one-way gate to the infinite horrors of the Abyss.
 61376 | Depths:4 | Entered Level 4 of the Depths
 61637 | Depths:4 | Reached XP level 26. HP: 205/224 MP: 23/23
 61930 | Depths:4 | Found a gateway to Hell.
 61939 | Depths:4 | Found Iliaf's Specific Store.
 61941 | Depths:4 | Found Jaralib's General Store.
 61949 | Depths:4 | Bought a scroll of silence for 180 gold pieces
 62152 | Depths:4 | Noticed the Enchantress
 62181 | Depths:4 | Killed the Enchantress
 62381 | Depths:3 | Identified the +1 quarterstaff of Xextiko {pain, *Noise
                  | Int+2 Stlth+}
 62402 | Depths:4 | Reached skill level 26 in Shields
 62467 | Depths:4 | Found a glowing golden altar of the Shining One.
 63004 | Depths:4 | Found a gate to the Realm of Zot.
 63839 | Depths:2 | Found a one-way gateway to a ziggurat.
 64467 | Depths:2 | Killed a juggernaut
 64772 | Depths:2 | Reached XP level 27. HP: 231/231 MP: 23/23
 64828 | Depths:2 | Reached skill level 27 in Shields
 65014 | Depths:2 | Noticed a juggernaut
 65035 | Depths:2 | Killed a juggernaut
 65055 | Depths:2 | Killed a juggernaut
 65331 | Depths:2 | Identified the +1 sling "Uwyl Har" {heavy, +Blink rF++ rN+
                  | Str-5}
 65367 | Depths:2 | Identified the +3 hand axe "Opsem" {pain, Will- Str+2 Dex+2
                  | SInv}
 66031 | Depths:1 | Found the ring of the Mage {Wiz Archmagi}
 67043 | Vaults:1 | Bought a scroll of fog for 56 gold pieces
 67226 | Orc:2    | Bought a scroll of fog for 48 gold pieces
 67349 | D:10     | Bought a potion of invisibility for 112 gold pieces
 67676 | Zot:1    | Entered Level 1 of the Realm of Zot
 68039 | Zot:4    | Identified the +2 leather armour of Immorality {Harm rF+
                  | Will++ rCorr}
 68053 | Zot:4    | Noticed a dread lich
 68060 | Zot:4    | Killed a dread lich
 68075 | Zot:4    | Noticed a Killer Klown
 68083 | Zot:4    | Killed a Killer Klown
 68230 | Zot:5    | Entered Level 5 of the Realm of Zot
 68474 | Zot:5    | Noticed a Killer Klown
 68487 | Zot:5    | Killed a Killer Klown
 70022 | Zot:4    | Noticed an orb of fire
 70033 | Zot:4    | Killed an orb of fire
 72715 | Zot:2    | Identified the +5 chain mail "Jeowof" {Dex+3 Slay+2}
 74062 | Zot:5    | Noticed a Killer Klown
 74091 | Zot:5    | Killed a Killer Klown
 74106 | Zot:5    | Noticed an ancient lich
 74117 | Zot:5    | Killed an ancient lich
 74227 | Zot:5    | Noticed a Killer Klown
 74271 | Zot:5    | Killed a Killer Klown
 74342 | Zot:5    | Noticed an orb of fire
 74347 | Zot:5    | Gained mutation: You are clumsy. (Dex -2) [an orb of fire]
 74352 | Zot:5    | Killed an orb of fire
 74941 | D:11     | You paid a toll of 6 scrolls of fear to enter a treasure
                  | trove
 74942 | Trove    | Entered a treasure trove
 74946 | Trove    | Identified the +0 crystal plate armour of the Moon {-Cast
                  | Str+3 Dex+5}
 74947 | Trove    | Identified the +11 crystal plate armour of the Devil
                  | {rPois}
 74949 | Trove    | Identified the +1 pair of boots "Emixzuy" {Str+3}
 74950 | Trove    | Identified the +2 scale mail "Isaan" {rC- Int+3 Dex+8
                  | Stlth-}
 74951 | Trove    | Identified the +1 pair of gloves of the True Pharaoh
                  | {rElec}
 74955 | Trove    | Identified the +4 shadow dragon scales of the Stone Wall
                  | {Harm Drain +Inv Stlth++++}
 74959 | Trove    | Identified the +1 pair of gloves of Morality {rPois rC-
                  | Dex+6}
 74962 | Trove    | Identified the orb "Eschugg" {*Rage, rPois rCorr Dex+3}
 74965 | Trove    | Identified the scarf of the Northern Lights {repulsion,
                  | rN++ Int+7}
 75062 | D:10     | Bought a +4 ring of slaying for 1326 gold pieces
 75488 | Zot:5    | Noticed a dread lich
 75493 | Zot:5    | Killed a dread lich
 75548 | Zot:5    | Noticed an ancient lich
 75552 | Zot:5    | Noticed an orb of fire
 75560 | Zot:5    | Gained mutation: You are very clumsy. (Dex -4) [an orb of
                  | fire]
 75562 | Zot:5    | Killed an ancient lich
 75575 | Zot:5    | Killed an orb of fire
 75780 | Zot:5    | Noticed an orb of fire
 75785 | Zot:5    | Noticed an orb of fire
 75786 | Zot:5    | Killed an orb of fire
 75787 | Zot:5    | Noticed an orb of fire
 75789 | Zot:5    | Killed an orb of fire
 75791 | Zot:5    | Noticed a Killer Klown
 75793 | Zot:5    | Noticed a Killer Klown
 75795 | Zot:5    | Killed an orb of fire
 75796 | Zot:5    | Killed a Killer Klown
 75801 | Zot:5    | Killed a Killer Klown
 76259 | Zot:5    | Got the Orb of Zot
 76848 | D:1      | Noticed Orhet the pandemonium lord
 76857 | D:1      | Killed Orhet the pandemonium lord
 76881 | D:$      | Escaped with the Orb!

Illustrated notes

Levels and vault maps discovered:
D:1:      dpeg_arrival_houses_and_road, layout_loops_ring
D:2:      layout_basic, wad_floor_pattern_2, uniq_sigmund
D:3:      layout_rooms, patterned_corridor
D:4:      minmay_inner_zag, layout_basic, mainiacjoe_overflow_paths,
          moated_statue
D:5:      minmay_skewed_foursquare, layout_loops_corners, gup_sewer_entry_bowl,
          hex_medium, uniq_prince_ribbit1, uniq_blork_the_orc, uniq_ijyb
D:6:      layout_loops_ring, nicolae_yredelemnul_ghost_church,
          lemuel_doored_altar, lemuel_coloured_pillars_altar, zin_academy,
          dreamdust_princess_corridor, nicolae_half_adder
D:7:      layout_cave_pools, mainiacjoe_overflow_boulevard, temple_green,
          nicolae_ossuary_entry_plus, uniq_jeremiah
D:8:      layout_loops_ring, serial_shops, shop, minmay_crystal_room,
          chequers_avenue
D:9:      layout_roguey, mainiacjoe_overflow_alcove_2,
          grunt_lair_entry_orc_guard_hut, hangedman_abyss_or_decor_clamps,
          kennysheep_dice
D:10:     layout_basic, serial_shops, nicolae_shop_tiny_glass,
          nicolae_shop_rolling_square, nicolae_shop_advertising_works
          [nicolae_subvault_shop_adworks], nicolae_book_shop_shelving,
          nicolae_shop_trees
D:11:     layout_cross, enter_trove_2
D:12:     layout_cave_pods, orc_0_dummy, chequers_guarded_unrand_ignorance
D:13:     layout_irregular_city, gauntlet_entry_generic
D:14:     minmay_gate_of_8, layout_irregular_city, erik_vaults_1,
          nicolae_concentric_dashed_squares_wild
D:15:     hangedman_depths_entry_civil_slaughter, layout_rooms, abandoned_shop,
          uniq_josephine
Temple:   hellmonk_temple_divided_pantheon
Lair:1:   layout_loops_ring, gammafunk_ghost_hydra_chop, minivault_11,
          disabler_island, uniq_fannar, uniq_amaemon, uniq_joseph
Lair:2:   layout_gridlike, dummy_snake_entry, grunt_megastairs_1,
          serial_bayou_shore_b, serial_bayou_shore_a, uniq_harold
Lair:3:   layout_gridlike, minmay_shoals_entry_beasts,
          gammafunk_ghost_necromancy, infiniplex_staircase_pool,
          lemuel_fruit_fields
Lair:4:   layout_regular_city
Lair:5:   grunt_lair_end_beastmaster, layout_hall_layers,
          minmay_slime_entry_oklob_open, grunt_megastairs_5, lemuel_fruit_tree,
          uniq_sonja
Shoals:1: layout_shoals
Shoals:2: layout_shoals, minmay_shop_mayhem, serial_nicolae_subway,
          nicolae_sub_station_crystal, nicolae_sub_station_metal,
          nicolae_sub_station_stone
Shoals:3: layout_shoals, ldierk_geyser, ldierk_geyser, uniq_polyphemus,
          uniq_mlioglotl, uniq_ilsuiw
Shoals:4: shoals_end_hangedman, layout_shoals, abandoned_shop,
          nicolae_shop_clearance
Snake:1:  layout_layer_cave, ebering_ghost_gozag, minmay_snake_pond,
          minmay_shop_star, uniq_donald
Snake:2:  layout_rooms, nicolae_snake_ghostly_warrior_ritual
Snake:3:  layout_misc_corridors, uniq_aizul
Snake:4:  snake_pit_salamanders_mu, layout_cave_town,
          nrook_guardian_serpent_double, uniq_vashnia, uniq_louise
Slime:1:  layout_caves
Slime:2:  layout_caves
Slime:3:  layout_caves
Slime:4:  nicolae_slime_jelly_donut, layout_caves
Slime:5:  slime_pit_nicolae_inversion
Orc:1:    layout_diamond_mine, enter_volcano_3, basic_altar
Orc:2:    st_orc_ogre_mass, layout_diamond_mine, serial_shops,
          nicolae_shop_pleasant_corner_grove, special_room
Elf:1:    minmay_the_grid_octo_tiled_squarecenter [minmay_the_grid_octo_clover,
          minmay_the_grid_octo_shrine, minmay_the_grid_octo_chip,
          minmay_the_grid_octo_vomiting_pacman,
          minmay_the_grid_square_5x5_megaprize_diamond,
          minmay_the_grid_square_5x5_bite,
          minmay_the_grid_square_5x5_broken_cross,
          minmay_the_grid_square_5x5_hourglass, minmay_the_grid_square_5x5_c],
          layout_rooms, serial_shops, statue_bzr,
          hangedman_elven_crosses_minicolossus
Elf:2:    elven_hall_of_blades_hangedman_alternative
          [nicolae_blade_entry_hurt_lockers], layout_geoelf_diagonals
Elf:3:    minmay_elf_hall_dome, layout_gridlike, serial_shops, shop,
          minmay_shoptagon
Vaults:1: ontoclasm_vaults_bender, nicolae_vaults_shrinking_rooms_1,
          nicolae_vaults_oval_intersection, dpeg_vaults_monster_box, v_misc_1,
          vaults_room_hallway, ontoclasm_vaults_chip,
          ontoclasm_vaults_decontamination, st_cells, ontoclasm_vaults_gateway,
          nicolae_vaults_tetromino_L_1, nicolae_vaults_two_Ls,
          nicolae_vaults_tetromino_L_1, layout_vaults_chaotic_city,
          serial_shops, shop, shop, nicolae_shop_hallway_plus, uniq_saint_roka
Vaults:2: grunt_vaults_bifocal, v_misc_8, vaults_dpeg_encased_lava,
          nicolae_vaults_little_ls, v_misc_3, nicolae_vaults_little_squares_4,
          v_misc_5, nicolae_vaults_theta, grunt_tower_of_power,
          nicolae_vaults_tetromino_L_2, nicolae_vaults_door_testing_chamber,
          nicolae_vaults_variable_pillar_hall, nicolae_vaults_double_plus_2,
          nicolae_vaults_trapezoid_1, vaults_room_semicircle,
          layout_vaults_ring, serial_shops, shop, uniq_sojobo, uniq_nikola
Vaults:3: st_spiral_rooms, ontoclasm_vaults_misaligned,
          nicolae_vaults_network_periphery, vaults_mumra_minichess,
          nicolae_vaults_circle_grid_a, v_misc_30, v_misc_10,
          nicolae_vaults_trapezoid_4, nicolae_vaults_storage_closets_2,
          minmay_crypt_entry_nasty_monster, nicolae_vaults_apartment_2,
          nicolae_vaults_theta, layout_vaults_omnibox, serial_shops,
          nicolae_shop_trees
Vaults:4: ontoclasm_vaults_ligature, vaults_mumra_chevron_long, v_misc_16,
          vaults_room_octagon, nicolae_vaults_security_offices_1,
          nicolae_vaults_yaktaur_gun_rack, ontoclasm_vaults_ring_large,
          nicolae_vaults_tetromino_Z_2, v_misc_10, nicolae_vaults_tetromino_L_2,
          layout_vaults_quadrants
Crypt:1:  layout_regular_city
Crypt:2:  layout_misc_corridors
Crypt:3:  evilmike_haunted_forest
Depths:1: layout_basic, grunt_hell_entry_dis_mu, serial_sigils_hangedman_writhe,
          grunt_pan_entry_in_and_out, minmay_guarded_unrand_mage, uniq_norris
Depths:2: grunt_runaround [grunt_runaround_doors_1, grunt_runaround_doors_2,
          grunt_runaround_doors_3, grunt_runaround_doors_4,
          grunt_runaround_loot], pan_entry, hell_entry
Depths:3: minmay_open_boxes_in_corner, layout_gridville,
          pf_hell_entry_tar_spiral, abyss_entry_flame_altar, grunt_ministairs_5,
          hangedman_abyss_or_decor_lesser_grid, serial_bayou_shore_b,
          grunt_megastairs_3, firewood_loft, infiniplex_staircase_pool_2
Depths:4: grunt_zot_entry_tricorne, layout_gridlike, tso_metal_star,
          serial_aquarium, aquarium_bridge_square [aquarium_subvault_balcony,
          aquarium_subvault_window, aquarium_subvault_bridge,
          aquarium_subvault_wall], aquarium_window_corner, aquarium_window_fake,
          aquarium_view_2b, aquarium_balcony_double_1, pf_coc_iceberg,
          grunt_ministairs_10, hangedman_decor_growths, nicolae_specific_store,
          uniq_enchantress
Zot:1:    kennysheep_blocky_room, layout_cathedral_of_symmetry
Zot:2:    layout_cathedral_of_symmetry, uniq_josephina
Zot:3:    layout_twisted_circle
Zot:4:    nicolae_zot_stationary_front, layout_misc_corridors, st_stairs_6,
          hangedman_player_shredder, grunt_megastairs_2, lemuel_elevator
Zot:5:    layout_gridlike

Skill      XL: |  1  2  3  4  5  6  7  8  9 10 11 12 13 14 15 16 17 18 19 20 21 22 23 24 25 26 27 |
---------------+----------------------------------------------------------------------------------+-----
Fighting       | 4 5 6 7 8 10 11 14 15 16 17 20 22 25 | 25.0
Throwing       | 1 2 5 6 11 13 16 23 | 23.6
Shapeshifting  | 1 0 |  0.0
Polearms       | 3 4 7 9 11 13 14 16 17 19 20 21 23 24 | 24.0
Armour         | 4 6 7 9 10 12 14 15 17 19 20 22 | 22.0
Evocations     | 3 5 0 |  0.0
Shields        | 10 12 14 15 16 18 21 22 23 25 26 27 | 27.0

Action                     |  1- 3 |  4- 6 |  7- 9 | 10-12 | 13-15 | 16-18 | 19-21 | 22-24 | 25-27 || total
---------------------------+-------+-------+-------+-------+-------+-------+-------+-------+-------++-------
  Melee: Trident           |   115 |    58 |   402 |   517 |       |       |       |       |       ||  1092
         Flail             |       |     6 |       |       |       |       |       |       |       ||     6
         Halberd           |       |       |       |    67 |       |       |       |       |       ||    67
         Glaive            |       |       |       |    22 |   562 |  1103 |  1669 |  1528 |  1562 ||  6446
         Bardiche          |       |       |       |       |       |       |       |       |   707 ||   707
  Throw: Dart              |       |     4 |    30 |    49 |   126 |    65 |       |       |       ||   274
         Javelin           |       |     4 |    15 |    16 |    18 |     7 |       |       |    86 ||   146
         Stone             |       |       |    14 |    28 |    50 |       |       |       |       ||    92
         Boomerang         |       |       |       |     1 |       |    62 |    61 |    43 |   163 ||   330
         Throwing net      |       |       |       |       |       |       |       |       |     1 ||     1
 Invoke: Sacrifice Words   |       |       |     1 |       |       |       |       |       |       ||     1
         Sacrifice Arcana  |       |       |       |     1 |       |       |       |       |       ||     1
         Draw Out Power    |       |       |       |     1 |       |       |       |       |       ||     1
         Sacrifice Stealth |       |       |       |     1 |       |       |       |       |       ||     1
         Apocalypse        |       |       |       |       |     5 |     3 |     4 |     3 |     6 ||    21
         Sacrifice Artific |       |       |       |       |     1 |       |       |       |       ||     1
         Power Leap        |       |       |       |       |     2 |     1 |     1 |     3 |     1 ||     8
         Sacrifice Purity  |       |       |       |       |     1 |       |       |       |       ||     1
         Sacrifice Forms   |       |       |       |       |     1 |       |       |       |       ||     1
Ability: Dig               |     1 |     2 |     1 |     1 |       |     2 |       |     2 |     7 ||    16
         Shaft Self        |       |     2 |     1 |     2 |       |       |       |       |       ||     5
  Evoke: Wand              |       |     1 |    16 |    18 |       |       |       |       |       ||    35
    Use: Scroll            |       |     5 |     1 |    16 |     6 |     7 |     6 |     1 |    24 ||    66
         Potion            |       |     3 |     2 |       |     3 |     1 |     4 |     4 |    14 ||    31
   Stab: Invisible         |       |       |       |     1 |     1 |     1 |     5 |       |    13 ||    21
         Distracted        |       |       |       |       |    14 |     6 |     8 |    10 |    10 ||    48
         Paralysed         |       |       |       |       |     8 |     6 |    10 |    11 |     6 ||    41
 Armour: Scale mail        |    43 |    87 |   234 |    69 |       |       |       |       |       ||   433
         Plate armour      |       |       |       |   210 |   190 |   223 |   312 |   290 |   549 ||  1774
         Gold dragon scale |       |       |       |       |       |       |       |       |   108 ||   108
         Crystal plate arm |       |       |       |       |       |       |       |       |    42 ||    42
  Dodge: Dodged            |    19 |    60 |    99 |   103 |    60 |    78 |   143 |    88 |   168 ||   818
         Repelled          |       |       |       |       |       |     9 |    12 |    10 |    10 ||    41
  Block: Buckler           |    26 |    28 |    55 |    65 |     6 |       |       |       |       ||   180
         Kite shield       |       |       |       |       |    81 |       |       |       |       ||    81
         Tower shield      |       |       |       |       |    99 |   658 |  1164 |   870 |  1360 ||  4151

Table legend: (Time is in decaauts)
 A = Elapsed time spent in this place.
 B = Non-inter-level travel time spent in this place.
 C = Inter-level travel time spent in this place.
 D = Time resting spent in this place.
 E = Time spent auto-exploring this place.
 F = Levels seen in this place.
 G = Mean time per level.
                   A        B        C        D        E       F      G
               +--------+--------+--------+--------+--------+-----+--------+
         Total |  75106 |  62233 |  12873 |   7371 |   8886 |  59 | 1273.0 |
       Dungeon |  19129 |  15285 |   3844 |   1434 |   2179 |  15 | 1275.3 |
        Temple |     56 |     56 |      0 |      7 |      0 |   1 |   56.0 |
          Lair |   8442 |   6570 |   1872 |    591 |   1049 |   5 | 1688.4 |
        Shoals |   5164 |   4887 |    277 |    524 |   1315 |   4 | 1291.0 |
     Snake Pit |   6030 |   5398 |    632 |    575 |    695 |   4 | 1507.5 |
    Slime Pits |   2063 |   2041 |     22 |    506 |     65 |   5 |  412.6 |
  Orcish Mines |   2755 |   1652 |   1103 |    113 |    218 |   2 | 1377.5 |
   Elven Halls |   4465 |   3641 |    824 |    328 |    153 |   3 | 1488.3 |
        Vaults |   7695 |   6186 |   1509 |    597 |   1816 |   4 | 1923.8 |
         Crypt |   3954 |   3276 |    678 |    351 |    357 |   3 | 1318.0 |
        Depths |   6784 |   5312 |   1472 |    866 |    355 |   4 | 1696.0 |
           Zot |   7688 |   7050 |    638 |   1449 |    683 |   5 | 1537.6 |
        Bazaar |     87 |     87 |      0 |      0 |      0 |   1 |   87.0 |
         Trove |     41 |     41 |      0 |      0 |      0 |   1 |   41.0 |
       Volcano |    366 |    366 |      0 |     29 |      0 |   1 |  366.0 |
      Gauntlet |    379 |    379 |      0 |      0 |      0 |   1 |  379.0 |
               +--------+--------+--------+--------+--------+-----+--------+

Top non-repeatable levels by time:
Vaults:1: 2348 daAuts
 Crypt:3: 2229 daAuts
Depths:2: 2214 daAuts
 Snake:1: 2150 daAuts
 Snake:4: 2146 daAuts
Vaults:3: 2086 daAuts
  Lair:5: 1969 daAuts
   Zot:5: 1950 daAuts
    D:12: 1947 daAuts
     D:5: 1933 daAuts
   Zot:4: 1900 daAuts
   Orc:2: 1884 daAuts
Vaults:2: 1836 daAuts
   Elf:3: 1830 daAuts
Depths:4: 1819 daAuts
